 Dungeon Crawl Stone Soup version 0.21-a0-349-g0c35859 (webtiles) character file.

53 tidbits the Skirmisher (level 3, -1/35 HPs)
             Began as a Gnoll Chaos Knight on Oct 8, 2017.
             Slain by a hound (5 damage)
             ... on level 3 of the Dungeon.
             The game lasted 00:02:41 (316 turns).

tidbits the Skirmisher (Gnoll Chaos Knight)          Turns: 316, Time: 00:02:41

Health: -1/35      AC:  5    Str: 14    XL:     3   Next: 87%
Magic:  4/4        EV: 12    Int: 15    God:    Xom [......]
Gold:   38         SH:  0    Dex: 14    Spells: 4/4 levels left

rFire    . . .     SeeInvis .   a - +0 hand axe (chaos)
rCold    . . .     Gourm    .   (no shield)
rNeg     . . .     Faith    .   b - +2 leather armour
rPois    .         Spirit   .   (no helmet)
rElec    .         Reflect  .   (no cloak)
rCorr    .         Harm     .   (no gloves)
MR       .....                  (no boots)
Stlth    +.........             (no amulet)
HPRegen  0.11/turn              (no ring)
MPRegen  0.09/turn              (no ring)

@: no status effects
A: distributed training, fangs 1, strong nose
a: Renounce Religion


You were on level 3 of the Dungeon.
You worshipped Xom.
You were a very special plaything of Xom.
You were not hungry.

You visited 1 branch of the dungeon, and saw 3 of its levels.

You collected 38 gold pieces.

Inventory:

Hand Weapons
 a - a +0 hand axe of chaos (weapon)
Missiles
 e - 66 arrows
 h - 10 stones (quivered)
Armour
 b - a +2 leather armour (worn)
Scrolls
 d - a scroll of identify {unknown}
 g - a scroll of teleportation
Comestibles
 c - 2 bread rations
 f - a chunk of flesh


   Skills:
 + Level 6.5 Fighting
 + Level 1.0 Short Blades
 + Level 1.0 Long Blades
 + Level 6.5 Axes
 + Level 1.0 Maces & Flails
 + Level 1.0 Polearms
 + Level 1.0 Staves
 + Level 1.0 Slings
 + Level 1.0 Bows
 + Level 1.0 Crossbows
 + Level 1.0 Throwing
 + Level 4.6 Armour
 + Level 2.6 Dodging
 + Level 1.0 Stealth
 + Level 1.0 Shields
 + Level 1.0 Unarmed Combat
 + Level 1.0 Spellcasting
 + Level 1.0 Conjurations
 + Level 1.0 Hexes
 + Level 1.0 Charms
 + Level 1.0 Summonings
 + Level 1.0 Necromancy
 + Level 1.0 Translocations
 + Level 1.0 Transmutations
 + Level 1.0 Fire Magic
 + Level 1.0 Ice Magic
 + Level 1.0 Air Magic
 + Level 1.0 Earth Magic
 + Level 1.0 Poison Magic
 + Level 1.0 Invocations
 + Level 1.0 Evocations


You had 4 spell levels left.
You didn't know any spells.

Dungeon Overview and Level Annotations

Branches:
Dungeon (3/15)

Altars:


Innate Abilities, Weirdness & Mutations

Your experience applies equally to all skills.
You have very sharp teeth.
Your uncanny sense of smell can sniff out nearby items.


Message History

You hit the leopard gecko.
You kill the leopard gecko!
You slash the goblin!
You kill the goblin!
A rat comes into view.
The rat bites you but does no damage.
You see here a goblin corpse.
You slash the rat!
You kill the rat!
A rat comes into view.
A rat is nearby!
The rat barely misses you.
You hit the rat.
You kill the rat!
Your Short Blades skill increases to level 1!
Your Long Blades skill increases to level 1!
Your Maces & Flails skill increases to level 1!
Your Polearms skill increases to level 1!
Your Staves skill increases to level 1!
Your Slings skill increases to level 1!
Your Bows skill increases to level 1!
Your Crossbows skill increases to level 1!
Your Throwing skill increases to level 1!
Your Stealth skill increases to level 1!
Your Shields skill increases to level 1!
Your Unarmed Combat skill increases to level 1!
Your Spellcasting skill increases to level 1!
Your Conjurations skill increases to level 1!
Your Hexes skill increases to level 1!
Your Charms skill increases to level 1!
Your Summonings skill increases to level 1!
Your Necromancy skill increases to level 1!
Your Translocations skill increases to level 1!
Your Transmutations skill increases to level 1!
Your Fire Magic skill increases to level 1!
Your Ice Magic skill increases to level 1!
Your Air Magic skill increases to level 1!
Your Earth Magic skill increases to level 1!
Your Poison Magic skill increases to level 1!
Your Invocations skill increases to level 1!
Your Evocations skill increases to level 1!
You see here a rat corpse.
Found a scroll labeled XAONETAALI.
An orc comes into view. It is wielding a flail.
The orc shouts!
Found a stone staircase leading down.
A ball python comes into view.
An adder comes into view.
An adder comes into view.
The adder hisses angrily.
You hit the orc but do no damage. The orc hits you with a flail.
* * * LOW HITPOINT WARNING * * *
You aren't carrying any potions.
Unknown command.
As you read the scroll labeled APPULU DEUPI, it crumbles to dust.
You feel strangely unstable.
It was a scroll of teleportation.
The orc hits you but does no damage.
Your surroundings suddenly seem different.
Xom is mildly amused.
An orc comes into view. It is wielding a hand axe.
The orc shouts!
You hear a shout!
An orc comes into view. It is wielding a club.
The orc shouts!
You hear a shout! x2; You hear a bark!
A hound comes into view.
The hound barks!
A gnoll comes into view. It is wielding a spear.
The gnoll shouts!
You hear a bark!
The gnoll barely misses you. The hound barely misses you.
The orc moves out of view.
The orc throws a tomahawk.
The tomahawk closely misses you.
The tomahawk closely misses the hound.
You hear a shout! x2
A hound comes into view.
Unknown command.
The hound barks!
You hear a bark!
The hound closely misses you. The hound misses you.
The gnoll hits you but does no damage. The hound bites you.
* * * LOW HITPOINT WARNING * * *
The hound bites you.
* * * LOW HITPOINT WARNING * * *
Unknown command.
You closely miss the gnoll. You hit the hound but do no damage.
You hit the hound. You burn the hound. The gnoll hits you with a spear.
* * * LOW HITPOINT WARNING * * *
The hound bites you.
* * * LOW HITPOINT WARNING * * *
The hound bites you.
* * * LOW HITPOINT WARNING * * *
Okay, then.
You hit the gnoll but do no damage. You miss the hound.
You closely miss the hound. The hound barely misses you. x2
The gnoll barely misses you. The hound closely misses you.
The orc throws a tomahawk.
The tomahawk hits you but does no damage.
The hound bites you.
* * * LOW HITPOINT WARNING * * *
You hit the gnoll.
The gnoll is poisoned.
The gnoll is moderately wounded.
Your leather armour prevents you from hitting the hound.
You closely miss the hound. The gnoll barely misses you.
The hound bites you but does no damage. The hound bites you.
You die...
Xom guffaws!

∆ ∆ ∆ #####
#.h.# ∆
#g@.#
#..h'....h.
#+#+#Po##..
∆ .....
..... #....
.... ∆ ##
... ####.
#....


You could see 2 hounds, a gnoll, an orc and a jackal (wandering).

Vanquished Creatures
  3 adders (D:2)
  A worm (D:2)
  3 leopard geckos
  A giant cockroach (D:1)
  A goblin (D:3)
  3 hobgoblins (D:2)
  3 frilled lizards (D:2)
  2 kobolds
  7 rats
24 creatures vanquished.

Notes
Turn   | Place    | Note
-------+----------+-------------------------------------------
     0 | D:1      | tidbits the Gnoll Chaos Knight began the quest for the Orb.
     0 | D:1      | Reached XP level 1. HP: 23/23 MP: 1/1
    97 | D:2      | Reached XP level 2. HP: 26/29 MP: 2/2
   113 | D:2      | Reached XP level 3. HP: 18/35 MP: 3/3
   214 | D:2      | XOM: harmless Hex miscast
   290 | D:3      | Reached skill level 1 in Short Blades
   290 | D:3      | Reached skill level 1 in Long Blades
   290 | D:3      | Reached skill level 1 in Maces & Flails
   290 | D:3      | Reached skill level 1 in Polearms
   290 | D:3      | Reached skill level 1 in Staves
   290 | D:3      | Reached skill level 1 in Slings
   290 | D:3      | Reached skill level 1 in Bows
   290 | D:3      | Reached skill level 1 in Crossbows
   290 | D:3      | Reached skill level 1 in Throwing
   290 | D:3      | Reached skill level 1 in Stealth
   290 | D:3      | Reached skill level 1 in Shields
   290 | D:3      | Reached skill level 1 in Unarmed Combat
   290 | D:3      | Reached skill level 1 in Spellcasting
   290 | D:3      | Reached skill level 1 in Conjurations
   290 | D:3      | Reached skill level 1 in Hexes
   290 | D:3      | Reached skill level 1 in Charms
   290 | D:3      | Reached skill level 1 in Summonings
   290 | D:3      | Reached skill level 1 in Necromancy
   290 | D:3      | Reached skill level 1 in Translocations
   290 | D:3      | Reached skill level 1 in Transmutations
   290 | D:3      | Reached skill level 1 in Fire Magic
   290 | D:3      | Reached skill level 1 in Ice Magic
   290 | D:3      | Reached skill level 1 in Air Magic
   290 | D:3      | Reached skill level 1 in Earth Magic
   290 | D:3      | Reached skill level 1 in Poison Magic
   290 | D:3      | Reached skill level 1 in Invocations
   290 | D:3      | Reached skill level 1 in Evocations
   316 | D:3      | Slain by a hound

Vault maps used:
D:1:      dpeg_arrival_lava_temple_mockup
D:2:      lemuel_blue_sif_altar, lightli_temple_of_fire, first_bread,
          st_stairs_5, dk_vineyard_1
D:3:      elyvilon_altar_4, cheibrodos_gnoll_hut

Skill      XL: |  1  2  3 |
---------------+----------+-----
Short Blades   | 1 |  1.0
Long Blades    | 1 |  1.0
Maces & Flails | 1 |  1.0
Polearms       | 1 |  1.0
Staves         | 1 |  1.0
Slings         | 1 |  1.0
Bows           | 1 |  1.0
Crossbows      | 1 |  1.0
Throwing       | 1 |  1.0
Stealth        | 1 |  1.0
Shields        | 1 |  1.0
Unarmed Combat | 1 |  1.0
Spellcasting   | 1 |  1.0
Conjurations   | 1 |  1.0
Hexes          | 1 |  1.0
Charms         | 1 |  1.0
Summonings     | 1 |  1.0
Necromancy     | 1 |  1.0
Translocations | 1 |  1.0
Transmutations | 1 |  1.0
Fire Magic     | 1 |  1.0
Ice Magic      | 1 |  1.0
Air Magic      | 1 |  1.0
Earth Magic    | 1 |  1.0
Poison Magic   | 1 |  1.0
Invocations    | 1 |  1.0
Evocations     | 1 |  1.0
Fighting       | |  6.5
Axes           | |  6.5
Armour         | |  4.6
Dodging        | |  2.6

Action                   || total
-------------------------++-------
Melee: Hand axe          ||    64
       Bite              ||    10
  Use: Scroll            ||     1
 Stab: Paralysed         ||     3
Armor: Leather armour    ||    16
Dodge: Dodged            ||    32

Table legend:
 A = Spawn XP
 B = Non-spawn XP
 C = Spawn XP percentage of total XP
 D = Spawn monster count
 E = Non-spawn monster count
 F = Spawn count percentage of total count
 G = Total turns spent on level
                    A         B        C        D         E        F      G
               +---------+---------+-------+---------+---------+-------+---------
         Total |       0 |      76 |   0.0 |       0 |      24 |   0.0 |   316
               +---------+---------+-------+---------+---------+-------+---------
           D:1 |       0 |       8 |   0.0 |       0 |       5 |   0.0 |    83
           D:2 |       0 |      61 |   0.0 |       0 |      15 |   0.0 |   179
           D:3 |       0 |       7 |   0.0 |       0 |       4 |   0.0 |    54
               +---------+---------+-------+---------+---------+-------+---------

Table legend:
 A = Turns spent in this place as a percentage of turns spent in the entire game.
 B = Non-inter-level travel turns spent in this place as a percentage of non-inter-level travel turns spent in the entire game.
 C = Inter-level travel turns spent in this place as a percentage of turns spent in this place.
 D = Turns resting spent in this place as a percentage of non-inter-level travel turns spent in this place.
 E = Turns spent auto-exploring this place as a percentage of non-inter-level travel turns spent in this place.
 F = Non-inter-level travel turns spent in this place divided by the number of levels of this place that you've seen.
                   A       B       C       D       E      F
               +-------+-------+-------+-------+-------+----------------------
         Total | 100.0 | 100.0 |   0.0 |   0.0 |   0.0 | 105.3
       Dungeon | 100.0 | 100.0 |   0.0 |   0.0 |   0.0 | 105.3
               +-------+-------+-------+-------+-------+----------------------

Table legend:
 A = Kills in this place as a percentage of kills in entire the game.
 B = Kills by you in this place as a percentage of kills by you in the entire game.
 C = Kills by friends in this place as a percentage of kills by friends in the entire game.
 D = Other kills in this place as a percentage of other kills in the entire game.
 E = Experience gained in this place as a percentage of experience gained in the entire game.
 F = Experience gained in this place divided by the number of levels of this place that you have seen.
                   A       B       C       D       E      F
               +-------+-------+-------+-------+-------+----------------------
         Total | 100.0 | 100.0 |   N/A |   N/A | 100.0 |  25.3
       Dungeon | 100.0 | 100.0 |   N/A |   N/A | 100.0 |  25.3
               +-------+-------+-------+-------+-------+----------------------

Vault maps used:
D:1:      dpeg_arrival_lava_temple_mockup
D:2:      lemuel_blue_sif_altar, lightli_temple_of_fire, first_bread,
          st_stairs_5, dk_vineyard_1
D:3:      elyvilon_altar_4, cheibrodos_gnoll_hut
